 Dungeon Crawl Stone Soup version 0.24.0-13-gcf9b3192b9 (webtiles) character file.

Game seed: 8032221454892121374, levelgen mode: deterministic

1486 inmateoo the Insei (level 8, -3/67 HPs)
             Began as a Pale Draconian Air Elementalist on Nov 7, 2019.
             Was a Believer of Cheibriados.
             Killed by nerve-wracking pain
             ... invoked by Grinder
              (5 damage)
             ... while paralysed by Grinder
             ... on level 5 of the Dungeon.
             The game lasted 00:09:17 (5435 turns).

inmateoo the Insei (DrAE)                           Turns: 5435, Time: 00:09:17

Health: -3/67      AC:  8    Str: 15    XL:     8   Next: 50%
Magic:  1/15       EV:  2    Int: 27    God:    Cheibriados [**....]
Gold:   140        SH:  0    Dex: 15    Spells: 6/16 levels left

rFire    + . .     SeeInvis .     - Unarmed
rCold    . . .     Gourm    .   (no shield)
rNeg     . . .     Faith    .   (armour unavailable)
rPois    .         Spirit   .   (helmet restricted)
rElec    .         Reflect  .   f - +1 cloak (curse)
rCorr    .         Harm     .   (no gloves)
MR       .....                  (no boots)
Stlth    ++........             (no amulet)
HPRegen  0.21/turn              e - +5 ring of intelligence
MPRegen  0.14/turn              i - ring of protection from fire

@: paralysed, very slow
A: breathe steam, unfitting armour, cold-blooded, AC +6
a: Breathe Steam, Bend Time, Renounce Religion


You were on level 5 of the Dungeon.
You worshipped Cheibriados.
Cheibriados was pleased with you.
You were very hungry.

You visited 1 branch of the dungeon, and saw 5 of its levels.

You collected 230 gold pieces.
You spent 90 gold pieces at shops.

Inventory:

Hand Weapons
 m - a +0 hunting sling
Missiles
 n - 96 stones (quivered)
Armour
 f - a cursed +1 cloak (worn)
Jewellery
 d - a cursed ring of attention {unknown}
 e - a +5 ring of intelligence (left hand)
 i - a ring of protection from fire (right hand)
Wands
 c - a wand of digging (7)
 r - a wand of enslavement (7)
Scrolls
 k - 2 scrolls of remove curse
Potions
 a - a potion of agility
 g - a potion of mutation
 h - 3 potions of curing
 j - a potion of heal wounds {unknown}
 l - a potion of brilliance {unknown}
 o - 3 potions of flight
 p - a potion of resistance
Comestibles
 b - 5 rations


   Skills:
 + Level 4.6 Fighting
 + Level 2.5 Dodging
 - Level 1.7 Stealth
 * Level 6.0 Unarmed Combat
 + Level 4.6 Spellcasting
 + Level 2.2 Conjurations
 + Level 5.7 Air Magic
 + Level 2.0 Invocations


You had 6 spell levels left.
You knew the following spells:

 Your Spells              Type           Power        Failure   Level  Hunger
a - Shock                 Conj/Air       ####         1%          1    None
b - Swiftness             Chrm/Air       ###.....     3%          2    None
c - Static Discharge      Conj/Air       ####....     4%          3    ##.....
d - Airstrike             Air            #####.....   7%          4    ####...

Your spell library contained the following spells:

 Spells                   Type           Power        Failure   Level  Hunger
 Lightning Bolt           Conj/Air       ####......   38%         5    #####..


Dungeon Overview and Level Annotations

Branches:
Dungeon (5/15)
 Temple: D:4-7

Altars:
Cheibriados
Makhleb
Ru
Sif Muna
Trog
Uskayaw
Wu Jian
Zin

Shops:
D:4 (

Annotations:
D:5 Grinder


Innate Abilities, Weirdness & Mutations

You can breathe blasts of scalding, opaque steam.
Your pale cyan-grey scales are hard. (AC +6)
You cannot fit into any form of body armour.
You are cold-blooded and may be slowed by cold attacks.


Message History

Casting: Shock (safe; 1% risk of failure)
Confirm with . or Enter, or press ? or * to list all spells.
Aiming: Shock (safe; 1% risk of failure)
Press: ? - help, Shift-Dir - straight line The zap hits the yak.
The yak is almost dead.
The zap misses Grinder.
The yak gores you!
* * * LOW HITPOINT WARNING * * *
Unknown command.
Unknown command.
Evoke which item? (* to show all) (? for menu, Esc to quit)
Aiming: Enslavement
Press: ? - help, Shift-Dir - straight line The yak resists with some effort.
Grinder gestures at you.
You suddenly lose the ability to move!
The yak gores you.
* * * LOW HITPOINT WARNING * * *
Grinder gestures at you. Pain shoots through your body!
You die...

.... #.# #.### #...# #.#
#.### #..(# #.# #....
#...# #.# #####
#####...##### #.#### #
#(.....)....####....####
................###.#...
#...........###.....#.##
####..@#######.###.#.##
#>5Y# #..###...## #..)#
#.....?..# #...#
#.##.##.### ##.##
##.#.#.##.. #.
##...###.# .. ##.## #.#
## #<####.# #.......


You could see Grinder and a yak.

Vanquished Creatures
  Sigmund (D:4)
  3 yaks (D:5)
  An ice beast (D:5)
  3 ogres
  2 scorpions (D:4)
  A crimson imp (D:5)
  A jelly (D:5)
  An orc priest (D:5)
  An iguana (D:4)
  2 orc wizards
  Ijyb (D:4)
  Crazy Yiuf (D:3)
  A killer bee zombie (D:5)
  7 gnolls
  An adder (D:3)
  An adder zombie (D:5)
  3 worms
  3 dart slugs
  A leopard gecko (D:2)
  18 orcs
  2 ball pythons
  6 giant cockroaches
  8 goblins
  5 hobgoblins
  7 jackals
  7 kobolds
  A quokka (D:4)
  4 bats
  3 frilled lizards
  A jackal skeleton (D:4)
  9 rats
106 creatures vanquished.

Notes
Turn   | Place    | Note
-------+----------+-------------------------------------------
     0 | D:1      | inmateoo the Draconian Air Elementalist began the quest for
                  | the Orb.
     0 | D:1      | Reached XP level 1. HP: 14/14 MP: 3/3
    42 | D:1      | Reached skill level 1 in Fighting
   327 | D:1      | Reached XP level 2. HP: 22/24 MP: 5/5
  1175 | D:2      | Found a shimmering blue altar of Sif Muna.
  1204 | D:2      | Reached XP level 3. HP: 26/31 MP: 0/6
  1999 | D:2      | Reached XP level 4. HP: 40/40 MP: 0/7
  2185 | D:2      | HP: 2/40 [worm (7)]
  2483 | D:2      | Found a sacrificial altar of Ru.
  2485 | D:2      | Found an ornate altar of the Wu Jian Council.
  2588 | D:2      | Noticed an ogre
  2659 | D:2      | Learned a level 2 spell: Swiftness
  2663 | D:2      | Learned a level 3 spell: Static Discharge
  3072 | D:1      | Killed an ogre
  3072 | D:1      | Reached skill level 1 in Unarmed Combat
  3072 | D:1      | Reached XP level 5. HP: 29/46 MP: 0/9
  3542 | D:3      | Found a snail-covered altar of Cheibriados.
  3552 | D:3      | Became a worshipper of Cheibriados the Contemplative
  3929 | D:3      | Found a runed translucent door.
  3930 | D:3      | Noticed Crazy Yiuf
  3938 | D:3      | Killed Crazy Yiuf
  3938 | D:3      | Reached skill level 2 in Unarmed Combat
  4008 | D:4      | Learned a level 4 spell: Airstrike
  4219 | D:4      | Reached XP level 6. HP: 52/52 MP: 1/10
  4321 | D:4      | Reached * piety under Cheibriados
  4675 | D:4      | Noticed Sigmund
  4687 | D:4      | Killed Sigmund
  4687 | D:4      | Reached skill level 3 in Unarmed Combat
  4687 | D:4      | Your scales start taking on a pale cyan-grey colour.
  4687 | D:4      | Reached skill level 5 in Air Magic
  4687 | D:4      | Reached XP level 7. HP: 37/59 MP: 1/12
  4829 | D:4      | Noticed Ijyb
  4831 | D:4      | Killed Ijyb
  4831 | D:4      | Reached skill level 4 in Unarmed Combat
  4833 | D:4      | Found Mukk's Weapon Shoppe.
  4896 | D:4      | Found a bloodstained altar of Trog.
  4932 | D:4      | Found a hide-covered altar of Uskayaw.
  4942 | D:4      | Found Zin's Purification Station.
  4944 | D:4      | Found a glowing silver altar of Zin.
  4947 | D:4      | Bought a potion of curing for 90 gold pieces
  5007 | D:5      | Entered Level 5 of the Dungeon
  5045 | D:5      | Reached skill level 5 in Unarmed Combat
  5132 | D:5      | Found a burning altar of Makhleb.
  5403 | D:5      | Reached skill level 1 in Invocations
  5403 | D:5      | Reached XP level 8. HP: 66/66 MP: 12/14
  5427 | D:5      | Noticed Grinder
  5428 | D:5      | Reached ** piety under Cheibriados
  5428 | D:5      | Reached skill level 6 in Unarmed Combat
  5434 | D:5      | Paralysed by Grinder for 2 turns
  5434 | D:5      | HP: 1/67 [yak (4)]
  5435 | D:5      | Killed from afar by Grinder

Levels and vault maps discovered:
D:1:      co_arrival_square_in_a_square_in_a_square, layout_basic, serial_glass,
          glass_columns_c, glass_columns_b, item_on_display_a,
          item_on_display_a, minmay_pentomino_u4
D:2:      layout_rooms, nicolae_overflow_hidden_temple, lemuel_blue_sif_altar,
          first_ration
D:3:      layout_basic, kennysheep_slug_shrine, serial_glass, glass_columns_c,
          glass_columns_a, minivault_4, uniq_crazy_yiuf_cottage
D:4:      layout_rooms, kennysheep_mini, old_standard_altar, zin_purify,
          serial_shops, shop, uniq_sigmund, uniq_ijyb
D:5:      layout_loops_cross, makhleb_grotto_becter,
          nicolae_ashenzari_panopticon, uniq_grinder

Skill      XL: |  1  2  3  4  5  6  7  8 |
---------------+-------------------------+-----
Fighting       | 1 3 4 |  4.6
Unarmed Combat | 1 2 3 5 6 |  6.0
Spellcasting   | 3 4 |  4.6
Air Magic      | 4 5 |  5.7
Dodging        | 2 |  2.5
Invocations    | 1 2 |  2.0
Conjurations   | 2 |  2.2
Stealth        | |  1.7

Action                   |  1- 3 |  4- 6 |  7- 9 || total
-------------------------+-------+-------+-------++-------
Melee: Unarmed           |    97 |   133 |    47 ||   277
       Tailslap          |     9 |    12 |     7 ||    28
       Spear             |       |    14 |       ||    14
       Punch             |       |     1 |       ||     1
 Fire: Hunting sling     |       |     6 |       ||     6
 Cast: Shock             |    57 |    55 |     7 ||   119
       Static Discharge  |       |    13 |     5 ||    18
       Airstrike         |       |     2 |       ||     2
 Abil: Breathe Steam     |       |       |    11 ||    11
Evoke: Wand              |       |       |     1 ||     1
  Use: Scroll            |       |    10 |     1 ||    11
       Potion            |       |       |     1 ||     1
 Stab: Sleeping          |     3 |     1 |       ||     4
  Eat: Chunk             |     1 |     6 |     2 ||     9
       Ration            |     1 |     1 |       ||     2
Armor: Skin              |    42 |    31 |    20 ||    93
Dodge: Dodged            |    86 |   103 |    38 ||   227
